 Dungeon Crawl Stone Soup version 0.15.0-27-gbdb0435 (console) character file.

9 gw the Skirmisher (level 2, -4/24 HPs)
             Began as a Mummy Chaos Knight on Sept 11, 2014.
             Was a Plaything of Xom.
             Killed from afar by a mottled dragon (glowing shapeshifter) (9 damage)
             ... with a sticky flame
             ... on Level 1 of the Dungeon.
             The game lasted 00:00:12 (222 turns).

gw the Skirmisher (Mummy Chaos Knight)               Turns: 222, Time: 00:00:12

HP  -4/24        AC  5     Str 15      XL: 2   Next:  3%
MP   2/2         EV 10     Int 11      God: Xom
Gold 0           SH  0     Dex 11      Spells:  0 memorised,  1 level left

rFire  x . .     SeeInvis .     a - +0 mace (chaos)
rCold  + . .     Clarity  .     b - +2 leather armour
rNeg   + + +     rCorr    .     (no shield)
rPois  +         rRot     +     (no helmet)
rElec  .         Spirit   .     (no cloak)
SustAb .         Warding  .     (no gloves)
rMut   .         Stasis   .     (no boots)
Gourm  .                        (no amulet)
MR     .....                    (no ring)
                                (no ring)

@: liquid flames, glowing, not resistant to hostile enchantments, very
unstealthy
A: no food or potions, fire vulnerability, restore body, cold resistance 1,
negative energy resistance 3, poison resistance, torment resistance, unbreathing
a: Renounce Religion


You were on level 1 of the Dungeon.
You worshipped Xom.
You were a special plaything of Xom.
You were not hungry.

You visited 1 branch of the dungeon, and saw 1 of its levels.

Inventory:

Hand weapons
 a - a +0 mace of chaos (weapon)
Missiles
 c - a stone (quivered)
Armour
 b - a +2 leather armour (worn)


   Skills:
 + Level 3.1 Fighting
 * Level 2.7 Maces & Flails
 + Level 0.4 Throwing
 + Level 1.6 Armour
 - Level 0.7 Dodging


You had one spell level left.
You didn't know any spells.

Dungeon Overview and Level Annotations

Branches:
Dungeon (1/15)

Altars:


Innate Abilities, Weirdness & Mutations

You do not eat or drink.
Your flesh is vulnerable to fire.
Your flesh is cold resistant.
You are immune to negative energy.
Your system is resistant to poisons.
You are immune to unholy pain and torment.
You can survive without breathing.


Message History

The giant frog changes into a sky beast!
The sky beast changes into a mottled dragon!
ATTACK MOVE TO (0,-1)
You hit the mottled dragon but do no damage.
The mottled dragon seems to speed up.
The mottled dragon spits sticky flame at you.
The sticky flame hits you! The fire burns you terribly!
You are covered in liquid flames!
You hear a shout!
ATTACK MOVE TO (0,-1)
You thump the mottled dragon!
There is a sudden explosion of sparks!
The mottled dragon is severely wounded.
You are covered in liquid flames!
Ouch! That really hurt!
The mottled dragon spits sticky flame at you.
The sticky flame hits you! The fire burns you terribly!
Xom thinks this is hilarious!
You are covered in liquid flames!
You die...
Xom is highly amused!

#.. #..... ##.#..
...#.. #...( . #..(#
... . #.(( ...
#.###.D# (.. #.....M#
###.##.##
####.(.###... ... .
#......#.# ..###.##
#...##.#..)####.##....
...........)..........
#.###......##).#..#..#
#......###(#..#..#
#......# #.#..#..#
#......###%..##..#


You could see a mottled dragon shaped shifter.

Table legend:
 A = Turns spent in this place as a percentage of turns spent in the entire game.
 B = Non-inter-level travel turns spent in this place as a percentage of non-inter-level travel turns spent in the entire game.
 C = Inter-level travel turns spent in this place as a percentage of turns spent in this place.
 D = Turns resting spent in this place as a percentage of non-inter-level travel turns spent in this place.
 E = Turns spent auto-exploring this place as a percentage of non-inter-level travel turns spent in this place.
 F = Non-inter-level travel turns spent in this place divided by the number of levels of this place that you've seen.
                   A       B       C       D       E      F
               +-------+-------+-------+-------+-------+----------------------
         Total | 100.0 | 100.0 |   0.0 |   4.1 |   7.2 |  97.0
       Dungeon | 100.0 | 100.0 |   0.0 |   4.1 |   7.2 |  97.0
               +-------+-------+-------+-------+-------+----------------------

Table legend:
 A = Kills in this place as a percentage of kills in entire the game.
 B = Kills by you in this place as a percentage of kills by you in the entire game.
 C = Kills by friends in this place as a percentage of kills by friends in the entire game.
 D = Other kills in this place as a percentage of other kills in the entire game.
 E = Experience gained in this place as a percentage of experience gained in the entire game.
 F = Experience gained in this place divided by the number of levels of this place that you have seen.
                   A       B       C       D       E      F
               +-------+-------+-------+-------+-------+----------------------
         Total | 100.0 | 100.0 |  -nan |  -nan | 100.0 |  13.0
       Dungeon | 100.0 | 100.0 |  -nan |  -nan | 100.0 |  13.0
               +-------+-------+-------+-------+-------+----------------------

Vanquished Creatures
  A goblin (D:1)
  A hobgoblin (D:1)
  3 kobolds (D:1)
  A bat (D:1)
  3 rats (D:1)
9 creatures vanquished.

Notes
Turn   | Place    | Note
--------------------------------------------------------------
     0 | D:1      | gw, the Mummy Chaos Knight, began the quest for the Orb.
     0 | D:1      | Reached XP level 1. HP: 18/18 MP: 1/1
    56 | D:1      | XOM: divination: detect creatures
   130 | D:1      | XOM: harmless Hex miscast
   152 | D:1      | Reached XP level 2. HP: 20/24 MP: 2/2
   216 | D:1      | Paralysed by a giant eyeball for 2 turns
   217 | D:1      | Noticed a boggart
   217 | D:1      | a giant eyeball changed into a boggart
   218 | D:1      | Noticed a warg
   218 | D:1      | a boggart changed into a warg
   219 | D:1      | Noticed a giant frog
   219 | D:1      | a warg changed into a giant frog
   220 | D:1      | Noticed a sky beast
   220 | D:1      | a giant frog changed into a sky beast
   220 | D:1      | Noticed a mottled dragon
   220 | D:1      | a sky beast changed into a mottled dragon
   222 | D:1      | Killed from afar by a mottled dragon (glowing shapeshifter)

Action                   || total
-------------------------++-------
Melee: Mace              ||    37
Throw: Stone             ||     9
 Stab: Confused          ||     1

Vault maps used:
D:1:      dpeg_arrival_simpleton_c
